AoeStats
← stepsm193

Arena

508067808Analyzed
3v3 RM · 11d ago on Sep 20, 2026· 19m 57s· 6 players
Game mode
Random Map
Map size
Normal (6 player)
Population
200
Speed
Normal
Resources
Standard
Victory
Conquest
Starting age
Dark Age
Ending age
Imperial Age
RankedLock teamsTeams togetherTeam positionsShared explorationLock speedFull tech treeHidden civsTurbo modeCheats
Victory
Defeat
🇦🇷 Huns · Argentina
1092
+14
🇦🇷 Shu · Argentina
1062
+15
🇦🇷 Jurchens · Argentina
1055
+15
🇮🇹 Byzantines · Italy
1056
-15
🇮🇹 Britons · Italy
1043
-15
🇮🇹 Turks · Italy
1014
-14
stepsm193
0:37 Loom
10:21 Feudal Age
16:55 Castle Age
15:35 Double-Bit Axe
16:05 Horse Collar
16:35 Stone Mining
Jan2427
11:50 Feudal Age
10:06 Loom
15:47 Castle Age
14:02 Double-Bit Axe
16:52 Wheelbarrow
17:10 Horse Collar
LordGiamma
13:56 Feudal Age
12:14 Loom
15:16 Double-Bit Axe
17:47 Castle Age
16:23 Horse Collar
DCOPN
8:24 Loom
10:42 Feudal Age
14:45 Castle Age
15:05 Town Watch
17:10 Scale Barding Armor
Bum SEkss
10:00 Feudal Age
10:24 Loom
14:01 Castle Age
12:27 Double-Bit Axe
15:03 Wheelbarrow
15:40 Crossbowman
17:49 Padded Archer Armor
17:40 Fletching
18:48 Horse Collar
19:44 Bodkin Arrow
Yonag
10:16 Feudal Age
14:32 Castle Age
12:23 Double-Bit Axe
13:20 Horse Collar
Connection lost

Rejoining the realm…

Still unreachable

The connection could not be restored.

Session expired

The server has moved on; the page needs a fresh start.